 Dungeon Crawl Stone Soup version 0.28.0-53-g5a82cb258f (webtiles) character file.

Game seed: 17208384240483968242

0 KrombopulosMichael the Skirmisher (level 1, -9/18 HPs)
             Began as a Formicid Abyssal Knight on July 12, 2022.
             Was a Follower of Lugonu.
             Mangled by an apocalypse crab (14 damage)
             ... on level 1 of the Abyss.
             The game lasted 00:00:28 (38 turns).

KrombopulosMichael the Skirmisher (FoAK)              Turns: 38, Time: 00:00:28

Health: -9/18      AC:  3    Str: 17    XL:     1   Next: 0%
Magic:  2/2        EV: 11    Int:  9    God:    Lugonu [*.....]
Gold:   0          SH:  0    Dex: 11    Spells: 0/0 levels left

rFire   . . .      SeeInvis +   a - +1 spear
rCold   . . .      Faith    .   (no shield)
rNeg    . . .      Spirit   .   b - +0 leather armour
rPois   .          Reflect  .   (helmet unavailable)
rElec   .          Harm     .   (no cloak)
rCorr   .          Rampage  .   (no gloves)
Will    .....                   (no boots)
Stlth   +.........              (no amulet)
HPRegen 0.06/turn               (no ring)
MPRegen 0.08/turn               (no ring)

@: no status effects
A: permanent stasis, dig shafts and tunnels, antennae 3, four strong arms
a: Dig, Shaft Self, Renounce Religion, Depart the Abyss


You were on level 1 of the Abyss.
You worshipped Lugonu.
Lugonu was aware of your devotion.
You visited 0 branches of the dungeon, and saw 0 of its levels.
You visited the Abyss 1 time.

Inventory:

Hand Weapons
 a - a +1 spear (weapon)
Armour
 b - a +0 leather armour (worn)


   Skills:
 + Level 3.2 Fighting
 + Level 2.0 Polearms
 + Level 2.1 Armour
 + Level 0.8 Dodging
 + Level 2.1 Invocations


You couldn't memorise any spells.
You didn't know any spells.
Your spell library was empty.

Dungeon Overview and Level Annotations

Branches:
Dungeon (0/15)

Altars:


Innate Abilities, Weirdness & Mutations

You cannot be hasted, slowed, berserked, paralysed or teleported.
You can dig through walls and to a lower floor.
You have a pair of large antennae on your head. (SInv)
Your four strong arms can wield two-handed weapons with a shield.


Message History

Welcome, KrombopulosMichael the Formicid Abyssal Knight.
It is said that the Orb of Zot exists deep within this dungeon.
Lugonu says: Depart the Abyss and spread corruption, my servant! (use the ability menu to exit the Abyss) Press ? for a list of commands and other information.
Found a corrupted altar of Lugonu.
Found a gateway leading out of the Abyss.
There is a gateway leading out of the Abyss here.
An orange demon comes into view.
The orange demon screeches!
A tentacled starspawn comes into view.
An apocalypse crab comes into view.
A tentacle flies out from the starspawn's body!
A starspawn tentacle comes into view.
The apocalypse crab breathes chaos at you.
The blast of chaos engulfs you but does no damage.
The starspawn tentacle is engulfed in seething chaos.
The starspawn tentacle grabs you. The starspawn tentacle constricts you.
A starspawn tentacle comes into view.
You escape the starspawn tentacle's grasp.
You are engulfed in seething chaos.
Your stasis prevents you from being slowed.
The starspawn tentacle segment is engulfed in seething chaos. x2
The starspawn tentacle segment flickers and vanishes for a moment.
The apocalypse crab bites you!
Ouch! That really hurt!
* * * LOW HITPOINT WARNING * * *
You are engulfed in flames!
Ouch! That really hurt!
You die...

.#.. ##..........
.#.#..#. ##.#.#.#
#.#. .#..#..#─X.#
#.##... #§.#/{.##
##.#..#####.w<.#
..
.#....##.##.#...
..#...#..#.#....#
#.##.##.#...###..#
#...
..###@t....#..
#.###.## .#. # {
.. .. .#. #.# ##.#
## . #.


You could see an apocalypse crab.

Vanquished Creatures (others)
  2 starspawn tentacles (Abyss:1)
2 creatures vanquished.

Notes
Turn   | Place    | Note
-------+----------+-------------------------------------------
     0 | Abyss:1  | KrombopulosMichael the Formicid Abyssal Knight began the
                  | quest for the Orb.
     0 | Abyss:1  | Reached XP level 1. HP: 18/18 MP: 2/2
    26 | Abyss:1  | Noticed an orange demon
    34 | Abyss:1  | Noticed a tentacled starspawn
    34 | Abyss:1  | Noticed an apocalypse crab
    38 | Abyss:1  | Mangled by an apocalypse crab

Illustrated notes

Levels and vault maps discovered:
Abyss:1:  base: Temple, base:
Temple

Action                   || total
-------------------------++-------
Armor: Leather armour    ||     1
